 Dungeon Crawl Stone Soup version 0.27-a0-1139-g28e009f8a6 (webtiles) character file.

Game seed: 2745189874906839890

183 heikuro the Skirmisher (level 5, -2/42 HPs)
             Began as a Formicid Abyssal Knight on May 8, 2021.
             Was a Follower of Lugonu.
             Slain by an iguana (11 damage)
             ... on level 4 of the Dungeon.
             The game lasted 00:04:56 (4716 turns).

heikuro the Skirmisher (Formicid Abyssal Knight)    Turns: 4716, Time: 00:04:57

Health: -2/42      AC:  5    Str: 17    XL:     5   Next: 94%
Magic:  7/7        EV: 10    Int: 12    God:    Lugonu [*.....]
Gold:   124        SH:  0    Dex: 10    Spells: 4/4 levels left

rFire    . . .     SeeInvis +   a - +1 hand axe
rCold    . . .     Faith    .   (no shield)
rNeg     . . .     Spirit   .   m - +0 ring mail
rPois    .         Reflect  .   (helmet unavailable)
rElec    .         Harm     .   (no cloak)
rCorr    +         Rampage  .   (no gloves)
Will     .....                  (no boots)
Stlth    ..........             (no amulet)
HPRegen  0.14/turn              k - ring of resist corrosion
MPRegen  0.10/turn              (no ring)

@: no status effects
A: permanent stasis, dig shafts and tunnels, antennae 3, four strong arms
a: Dig, Shaft Self, Renounce Religion, Depart the Abyss


You were on level 4 of the Dungeon.
You worshipped Lugonu.
Lugonu was aware of your devotion.
You visited 1 branch of the dungeon, and saw 4 of its levels.
You visited the Abyss 1 time.

You collected 124 gold pieces.

Inventory:

Hand Weapons
 a - a +1 hand axe (weapon)
 p - a +0 morningstar
Missiles
 d - 2 javelins (quivered)
Armour
 m - a +0 ring mail (worn)
Jewellery
 k - a ring of resist corrosion (left hand)
Scrolls
 f - 2 scrolls of identify {unknown}
 i - a scroll of amnesia {unknown}
 j - a scroll of magic mapping {unknown}
 n - a scroll of noise {unknown}
 o - a scroll of enchant armour {unknown}
Potions
 b - a potion of attraction {unknown}
 c - 2 potions of brilliance {unknown}
 e - a potion of curing {unknown}
 g - a potion of heal wounds {unknown}
 h - a potion of might {unknown}
 l - a potion of lignification {unknown}
 q - a potion of ambrosia {unknown}


   Skills:
 + Level 4.2 Fighting
 * Level 3.8 Axes
 + Level 3.3 Armour
 - Level 1.0 Dodging
 + Level 3.5 Invocations


You had 4 spell levels left.
You didn't know any spells.
Your spell library contained the following spells:

 Spells                   Type           Power      Damage    Failure   Level
 Freeze                   Ice            0%         1d3       52%         1
 Frozen Ramparts          Ice            0%         1d2       87%         3
 Ozocubu's Armour         Ice            0%         N/A       87%         3
 Hailstorm                Conj/Ice       0%         3d3       99%         4
 Metabolic Englaciation   Hex/Ice        0%         N/A       100%        5


Dungeon Overview and Level Annotations

Branches:
Dungeon (4/15)
 Temple: D:4-7

Altars:


Innate Abilities, Weirdness & Mutations

You cannot be hasted, slowed, berserked, paralysed or teleported.
You can dig through walls and to a lower floor.
You have a pair of large antennae on your head. (SInv)
Your four strong arms can wield two-handed weapons with a shield.


Message History

You see here a +2 long sword of protection.
Found a bubbling purple potion.
An endoplasm comes into view.
The endoplasm quivers.
You see here a bubbling purple potion.
q - a bubbling purple potion The endoplasm completely misses you.
You hit the endoplasm.
You kill the endoplasm!
Lugonu accepts your kill.
No target in view!
No target in view!
No target in view!
An iguana and a skeleton come into view.
The iguana hisses angrily.
You closely miss the iguana. The iguana bites you.
You closely miss the iguana. The iguana bites you!
You hit the iguana.
The iguana is lightly wounded.
The iguana bites you!
You hit the iguana.
The iguana is moderately wounded.
The iguana bites you.
You are too injured to fight recklessly!
You hit the iguana.
The iguana is heavily wounded.
The iguana closely misses you.
You are too injured to fight recklessly!
You barely miss the iguana.
The iguana is heavily wounded.
The iguana closely misses you. The iguana bites you!
* * * LOW HITPOINT WARNING * * *
You are too injured to fight recklessly!
You hit the iguana but do no damage.
The iguana is heavily wounded.
The iguana barely misses you.
You hit the iguana but do no damage.
The iguana is heavily wounded.
The iguana bites you!
You die...

#..............
{+......>.......
#.....#.#####..
#.......# .
#.....### .
##.....# ..
#....#...# ..#
#)######.# ..
#.#@lZ...#
#.######.#.####.#
.##........#.#
#.............###
#########..#....#
.....#.##.#
###...#.##.#
.....#.##..
#.#...#...###


You could see an iguana and a hound skeleton.

Vanquished Creatures
  A centaur skeleton (D:4)
  2 iguanas
  A hound skeleton (D:2)
  3 adders (D:3)
  2 adder zombies (D:2)
  An adder skeleton (D:2)
  A worm (D:3)
  2 dart slugs
  An orc (D:4)
  6 ball pythons
  3 endoplasms
  3 giant cockroaches
  A goblin (D:2)
  5 hobgoblins
  5 quokkas
  2 bats (D:2)
  3 frilled lizards
  2 giant cockroach zombies (D:2)
  3 kobolds
  5 rats
52 creatures vanquished.

Vanquished Creatures (others)
  3 withered plants (D:2)
3 creatures vanquished.

Grand Total: 55 creatures vanquished

Notes
Turn   | Place    | Note
-------+----------+-------------------------------------------
     0 | Abyss:1  | heikuro the Formicid Abyssal Knight began the quest for the
                  | Orb.
     0 | Abyss:1  | Reached XP level 1. HP: 18/18 MP: 2/2
   105 | Abyss:1  | Noticed a starcursed mass
   106 | D:1      | Escaped the Abyss
   211 | D:1      | Reached skill level 1 in Dodging
   341 | D:1      | Reached XP level 2. HP: 19/24 MP: 3/3
  1000 | D:1      | Reached * piety under Lugonu
  1603 | D:2      | Reached XP level 3. HP: 25/29 MP: 4/4
  1957 | D:2      | Found a faded altar of an unknown god.
  2543 | D:2      | Reached XP level 4. HP: 26/37 MP: 6/6
  4049 | D:4      | Reached skill level 4 in Fighting
  4049 | D:4      | Reached XP level 5. HP: 41/42 MP: 7/7
  4274 | D:4      | Noticed an ogre
  4716 | D:4      | Slain by an iguana

Illustrated notes

Levels and vault maps discovered:
D:1:      tarquinn_simple_flora_water_b, layout_basic, hex_medium,
          minmay_pentomino_o4
D:2:      layout_loops_corners, ebering_ecumenical_altar_ruins, serial_undead,
          serial_undead_d, serial_undead_c, serial_undead_b, serial_undead_b,
          serial_undead_e, wander_ebering_terrifying_dragon_lair
D:3:      layout_loops_corners
D:4:      cheibrodos_old_hovel, layout_basic, minmay_misc_feat_roman,
          minmay_misc_feat_rows, uniq_sigmund

Skill      XL: |  1  2  3  4 |
---------------+-------------+-----
Dodging        | 1 |  1.0
Axes           | 3 |  3.8
Invocations    | 3 |  3.5
Fighting       | 4 |  4.2
Armour         | 3 |  3.3

Action                   |  1- 3 |  4- 6 || total
-------------------------+-------+-------++-------
Melee: Hand axe          |   108 |   101 ||   209
Throw: Javelin           |       |     1 ||     1
Invok: Depart the Abyss  |     1 |       ||     1
 Abil: Dig               |       |     1 ||     1
Armor: Leather armour    |    22 |       ||    22
       Ring mail         |    25 |    34 ||    59
Dodge: Dodged            |    78 |    68 ||   146

Table legend: (Time is in decaauts)
 A = Elapsed time spent in this place.
 B = Non-inter-level travel time spent in this place.
 C = Inter-level travel time spent in this place.
 D = Time resting spent in this place.
 E = Time spent auto-exploring this place.
 F = Levels seen in this place.
 G = Mean time per level.
                   A        B        C        D        E       F      G
               +--------+--------+--------+--------+--------+-----+--------+
         Total |   4753 |   4427 |    326 |   1176 |   2572 |   5 |  950.6 |
       Dungeon |   4647 |   4321 |    326 |   1176 |   2467 |   4 | 1161.8 |
         Abyss |    106 |    106 |      0 |      0 |    105 |   1 |  106.0 |
               +--------+--------+--------+--------+--------+-----+--------+

Top non-repeatable levels by time:
     D:3: 1697 daAuts
     D:2: 1429 daAuts
     D:1: 1342 daAuts
     D:4: 178 daAuts
 Abyss:1: 106 daAuts
